 Dungeon Crawl Stone Soup version 0.26-a0-597-gb535b0901c (webtiles) character file.

Game seed: 11097628431677961269

74 Lanoc the Conjurer (level 4, -2/33 HPs)
             Began as a Draconian Hedge Wizard on Sept 12, 2020.
             Slain by an iguana (3 damage)
             ... on level 4 of the Dungeon.
             The game lasted 00:02:37 (1508 turns).

Lanoc the Conjurer (Draconian Hedge Wizard)         Turns: 1508, Time: 00:02:38

Health: -2/33      AC:  5    Str: 13    XL:     4   Next: 9%
Magic:  0/8        EV: 12    Int: 15    God:
Gold:   38         SH:  0    Dex: 10    Spells: 4/9 levels left

rFire    . . .     SeeInvis .   a - +0 dagger
rCold    . . .     Faith    .   (no shield)
rNeg     . . .     Spirit   .   (armour unavailable)
rPois    .         Reflect  .   b - +0 hat
rElec    .         Harm     .   (no cloak)
rCorr    .                      (no gloves)
MR       .....                  (no boots)
Stlth    ++........             (no amulet)
HPRegen  0.11/turn              (no ring)
MPRegen  0.11/turn              (no ring)

@: no status effects
A: unfitting armour, cold-blooded, AC +5
a: no special abilities


You were on level 4 of the Dungeon.
You visited 1 branch of the dungeon, and saw 4 of its levels.

You collected 38 gold pieces.

Inventory:

Hand Weapons
 a - a +0 dagger (weapon)
Armour
 b - a +0 hat (worn)
Scrolls
 d - a scroll of amnesia {unknown}
 e - a scroll of remove curse {unknown}
 f - a scroll of fog {unknown}
Potions
 c - a potion of degeneration {unknown}
 g - a potion of brilliance {unknown}


   Skills:
 + Level 2.6 Dodging
 - Level 1.7 Stealth
 - Level 3.0 Spellcasting
 * Level 3.3 Conjurations
 - Level 1.0 Summonings
 - Level 1.0 Translocations


You had 4 spell levels left.
You knew the following spells:

 Your Spells              Type           Power        Failure   Level
a - Magic Dart            Conj           ##..         5%          1
b - Blink                 Tloc           N/A          21%         2
c - Call Imp              Summ           #.......     21%         2

Your spell library contained the following spells:

 Spells                   Type           Power        Failure   Level
 Slow                     Hex            #.......     30%         2
 Conjure Flame            Conj/Fire      #.......     30%         3
 Mephitic Cloud           Conj/Pois/Air  #.......     36%         3


Dungeon Overview and Level Annotations

Branches:
Dungeon (3/15)

Altars:
Elyvilon
The Shining One

Annotations:
D:3 viperstalker's ghost, amateur PaFi


Innate Abilities, Weirdness & Mutations

Your plain brown scales are hard. (AC +5)
You cannot fit into any form of body armour.
You are cold-blooded and may be slowed by cold attacks.


Message History

The iguana is heavily wounded.
The iguana barely misses you.
Your crimson imp closely misses the iguana.
You barely miss the iguana.
You tail-slap the iguana, but do no damage.
The iguana is heavily wounded.
The iguana bites you but does no damage.
Your crimson imp hits the iguana but does no damage.
You hit the iguana but do no damage.
The iguana is heavily wounded.
The iguana closely misses you.
Your crimson imp hits the iguana.
You closely miss the iguana.
The iguana is severely wounded.
The iguana bites you.
* * * LOW HITPOINT WARNING * * *
Your crimson imp hits the iguana.
You hit the iguana but do no damage.
The iguana is severely wounded.
The iguana bites you.
You die...

#.## ##...........
#..###............
#..#..............
#.....#...........
#....##...........
#...###...........
#.5## ###.........
#l## ###.......
#@# ....... #.##
..#.#. ## ...# ...
... .


You could see an iguana and a friendly crimson imp (summoned).

Vanquished Creatures
  4 adders
  2 leopard geckos
  An orc (D:3)
  8 bats
  2 goblins (D:2)
  4 hobgoblins
  A jackal (D:2)
  2 quokkas
  A ball python (D:2)
  2 frilled lizards (D:2)
  2 kobolds (D:3)
  3 rats (D:2)
32 creatures vanquished.

Vanquished Creatures (collateral kills)
  An orc (D:3)
1 creature vanquished.

Grand Total: 33 creatures vanquished

Notes
Turn   | Place    | Note
-------+----------+-------------------------------------------
     0 | D:1      | Lanoc the Draconian Hedge Wizard began the quest for the
                  | Orb.
     0 | D:1      | Reached XP level 1. HP: 14/14 MP: 4/4
   366 | D:2      | Reached XP level 2. HP: 20/20 MP: 3/6
   430 | D:2      | Learned a level 2 spell: Blink
   433 | D:2      | Learned a level 2 spell: Call Imp
   539 | D:2      | Reached XP level 3. HP: 26/26 MP: 4/7
   779 | D:2      | Found a glowing golden altar of the Shining One.
  1136 | D:3      | Noticed viperstalker's ghost (amateur PaFi)
  1152 | D:3      | Reached XP level 4. HP: 33/33 MP: 3/8
  1304 | D:3      | Found a white marble altar of Elyvilon.
  1461 | D:3      | You fall into a shaft and drop 1 floor!
  1507 | D:4      | HP: 1/33 [iguana (1)]
  1508 | D:4      | Slain by an iguana

Illustrated notes

Levels and vault maps discovered:
D:1:      grunt_arrival_lava_bath, layout_basic
D:2:      layout_basic, tso_metal_star, uniq_crazy_yiuf_cottage
D:3:      layout_loops_ring, zin_scriptorium, lemuel_doored_altar,
          hellmonk_ghost_happy_afterlife, hangedman_decor_slide_cut, uniq_ijyb
D:4:      layout_cave_pods, grunt_temple_overflow_open, minmay_splitting_lines

Skill      XL: |  1  2  3 |
---------------+----------+-----
Dodging        | 2 |  2.6
Conjurations   | 2 3 |  3.3
Stealth        | |  1.7
Spellcasting   | |  3.0
Summonings     | |  1.0
Translocations | |  1.0

Action                   |  1- 3 |  4- 6 || total
-------------------------+-------+-------++-------
Melee: Dagger            |    70 |     9 ||    79
       Tailslap          |     7 |     1 ||     8
 Cast: Magic Dart        |    43 |    21 ||    64
       Call Imp          |     4 |     1 ||     5
       Blink             |     1 |       ||     1
Armor: Skin              |    35 |     1 ||    36
Dodge: Dodged            |    73 |     8 ||    81

Table legend: (Time is in decaauts)
 A = Elapsed time spent in this place.
 B = Non-inter-level travel time spent in this place.
 C = Inter-level travel time spent in this place.
 D = Time resting spent in this place.
 E = Time spent auto-exploring this place.
 F = Levels seen in this place.
 G = Mean time per level.
                   A        B        C        D        E       F      G
               +--------+--------+--------+--------+--------+-----+--------+
         Total |   1508 |   1495 |     13 |      7 |   1191 |   4 |  377.0 |
       Dungeon |   1508 |   1495 |     13 |      7 |   1191 |   4 |  377.0 |
               +--------+--------+--------+--------+--------+-----+--------+

Top non-repeatable levels by time:
     D:2: 750 daAuts
     D:3: 638 daAuts
     D:1: 72 daAuts
     D:4: 46 daAuts
